 Dungeon Crawl Stone Soup version 0.27.1-3-gb3d3a73c9e (webtiles) character file.

Game seed: 18279702565422453389

201 CuBeRJAN3 the Magician (level 6, -1/45 HPs)
             Began as a Djinni Conjurer on Oct 24, 2021.
             Slain by an iguana (11 damage)
             ... on level 3 of the Dungeon.
             The game lasted 00:10:10 (3990 turns).

CuBeRJAN3 the Magician (Djinni Conjurer)            Turns: 3990, Time: 00:10:11

Health: -1/45      AC:  2    Str:  6    XL:     6   Next: 7%
Gold:   117        EV: 12    Int: 21    God:
                   SH:  0    Dex: 12

rFire    + + .     SeeInvis .   b - +0 dagger
rCold    x . .     Faith    .   (no shield)
rNeg     . . .     Spirit   .   a - +0 robe
rPois    ∞         Reflect  .   (no helmet)
rElec    .         Harm     .   (no cloak)
rCorr    .         Rampage  .   (no gloves)
Will     .....                  (boots unavailable)
Stlth    ++........             (no amulet)
HPRegen  0.15/turn              (no ring)
MPRegen  0.00/turn              (no ring)

@: flying
A: sickness immunity, fire resistance 2, cold vulnerability 1, float, innate
caster, hp casting, extra vitality 1
a: no special abilities


You were on level 3 of the Dungeon.
You visited 1 branch of the dungeon, and saw 4 of its levels.

You collected 117 gold pieces.

Inventory:

Hand Weapons
 b - a +0 dagger (weapon)
Armour
 a - a +0 robe (worn)
Scrolls
 c - 3 scrolls of identify {unknown}
 e - a scroll of vulnerability {unknown}
 h - a scroll of noise {unknown}
 i - a scroll of silence {unknown}
Potions
 d - a potion of berserk rage {unknown}
 f - 2 potions of flight {unknown}
 g - a potion of brilliance {unknown}
 j - a potion of might {unknown}
 k - a potion of lignification {unknown}


   Skills:
 * Level 2.9 Fighting
 + Level 3.3 Dodging
 + Level 2.5 Stealth
 * Level 4.0 Spellcasting


You couldn't memorise any spells.
You knew the following spells:

 Your Spells              Type           Power      Damage    Failure   Level
a - Magic Dart            Conj           84%        1d7       2%          1
b - Searing Ray           Conj           42%        3d4       3%          2
c - Dazzling Flash        Conj/Hex       42%        N/A       7%          3
d - Fulminant Prism       Conj/Hex       10%        3d9       22%         4
e - Iskenderun's Mystic   Conj/Tloc      21%        2d6       22%         4
f - Beastly Appendage     Tmut           42%        N/A       2%          1
g - Ensorcelled Hibernat  Hex/Ice        42%        N/A       3%          2
Your spell library was empty.

Dungeon Overview and Level Annotations

Branches:
Dungeon (4/15)
 Temple: D:4-7

Altars:
Cheibriados
Xom


Innate Abilities, Weirdness & Mutations

You are immune to sickness and miasma.
You are immune to poison.
Your flesh is very heat resistant. (rF++)
You are vulnerable to cold. (rC-)
You float through the air rather than walking.
You learn spells naturally, not from books.
Your magical power is your life essence.
You have superior vitality. (+4 HP)


Message History

You hear the rapid hiss of a distant avalanche of sand.
The iguana bites you. The iguana barely misses you.
There is a stone staircase leading up here.
The iguana barely misses you.
You fly upwards.
There is a stone staircase leading down here.
Casting: Searing Ray (safe; 3% risk of failure)
Confirm with . or Enter, or press ? or * to list all spells.
Aiming: Searing Ray (safe; 3% risk of failure)
Press: ? - help, Shift-Dir - straight line, f - iguana
Aim: an iguana (81% to hit)
The searing ray hits the iguana.
The iguana is moderately wounded. (Press . to maintain the ray.)
The iguana closely misses you.
The searing ray hits the iguana but does no damage.
The iguana is moderately wounded.
The iguana misses you.
The searing ray hits the iguana.
The iguana is heavily wounded.
The iguana bites you!
The searing ray hits the iguana.
The iguana is severely wounded.
You finish channeling your searing ray.
The iguana misses you.
Casting: Searing Ray (safe; 3% risk of failure)
Confirm with . or Enter, or press ? or * to list all spells.
Aiming: Searing Ray (safe; 3% risk of failure)
Press: ? - help, Shift-Dir - straight line, f/p - iguana
Aim: an iguana (severely wounded, 81% to hit)
The searing ray misses the iguana. (Press . to maintain the ray.)
The iguana bites you.
The searing ray hits the iguana.
The iguana is almost dead.
The iguana bites you!
* * * LOW HITPOINT WARNING * * *
The searing ray misses the iguana.
* * * LOW HITPOINT WARNING * * *
The iguana bites you!
You die...

#.#..# #.# #.......
#.#..#######.##########
#.#..>......#....## #
#.#.###...##.##...## #
#.#.##.###.........####
#.#....# #.......).))).
#.####.###.........####
#.#####l.(##.##......##
#.....@[.....#######...
############## ####


You could see an iguana.

Vanquished Creatures
  Jessica (D:2)
  An iguana (D:4)
  7 adders
  2 worms (D:3)
  2 dart slugs
  6 orcs (D:3)
  3 ball pythons
  2 bats (D:2)
  10 endoplasms
  3 giant cockroaches
  5 goblins
  9 hobgoblins
  3 quokkas
  5 frilled lizards
  7 kobolds
  2 rats (D:2)
68 creatures vanquished.

Notes
Turn   | Place    | Note
-------+----------+-------------------------------------------
     0 | D:1      | CuBeRJAN3 the Djinni Conjurer began the quest for the Orb.
     0 | D:1      | Reached XP level 1. HP: 15/15 MP: 0/0
   252 | D:1      | Reached XP level 2. HP: 18/22 MP: 0/0
   602 | D:1      | Reached skill level 1 in Fighting
  1180 | D:2      | Reached XP level 3. HP: 27/27 MP: 0/0
  1180 | D:2      | Learned a level 1 spell: Beastly Appendage
  1512 | D:2      | Reached XP level 4. HP: 31/32 MP: 0/0
  1596 | D:2      | Noticed Jessica
  1610 | D:2      | Killed Jessica
  1756 | D:2      | Noticed a great orb of eyes
  1758 | D:2      | Found a faded altar of an unknown god.
  1760 | D:2      | Noticed a golden eye
  1760 | D:2      | Noticed a great orb of eyes
  1760 | D:2      | Noticed a floating eye
  1846 | D:2      | Reached XP level 5. HP: 35/38 MP: 0/0
  1846 | D:2      | Learned a level 2 spell: Ensorcelled Hibernation
  2325 | D:3      | Found a shimmering altar of Xom.
  2881 | D:3      | Found a snail-covered altar of Cheibriados.
  3442 | D:4      | Reached skill level 4 in Spellcasting
  3715 | D:4      | Reached XP level 6. HP: 42/45 MP: 0/0
  3741 | D:4      | Noticed an ogre
  3990 | D:3      | Slain by an iguana

Illustrated notes

Levels and vault maps discovered:
D:1:      tarquinn_simple_flora_water_d, layout_loops_cross
D:2:      layout_rooms, hellmonk_ecumenical_altar_watching_god, uniq_jessica
D:3:      layout_loops_ring, tgw_xom, slow_altar_1
D:4:      minmay_octagon_keep, layout_basic, minmay_temple_entry_junction,
          serial_shops, shop_fountains, gup_ossuary_entry_pyramid,
          hangedman_glass_teeth, st_stairs_11

Skill      XL: |  1  2  3  4  5 |
---------------+----------------+-----
Fighting       | 1 2 |  2.9
Stealth        | 2 |  2.5
Dodging        | 3 |  3.3
Spellcasting   | 4 |  4.0

Action                   |  1- 3 |  4- 6 || total
-------------------------+-------+-------++-------
Melee: Dagger            |    15 |     3 ||    18
 Cast: Magic Dart        |    46 |    94 ||   140
       Searing Ray       |       |     9 ||     9
 Stab: Sleeping          |     1 |       ||     1
Armor: Robe              |     5 |       ||     5
Dodge: Dodged            |    18 |    13 ||    31
